 Dungeon Crawl Stone Soup version 0.30.1-11-g7821555f0a (webtiles) character file.

Game seed: 5554218563375643515

3427 hawla the Thaumaturge (level 9, 0/46 HPs)
             Began as a Deep Elf Fire Elementalist on Jan 3, 2024.
             Was a Believer of Jiyva.
             Slain by Duvessa
             ... wielding a +4 rapier of freezing
              (12 damage)
             ... on level 7 of the Dungeon.
             The game lasted 00:22:12 (7312 turns).

hawla the Thaumaturge (Deep Elf Fire Elementalist)  Turns: 7312, Time: 00:22:12

Health: 0/46       AC:  8    Str:  5    XL:     9   Next: 76%
Magic:  8/25       EV: 13    Int: 25    God:    Jiyva [**....]
Gold:   87         SH:  0    Dex: 15    Spells: 17/28 levels left

rFire   . . .        v - staff of death
rCold   . . .        (no shield)
rNeg    + . .        a - +0 robe
rPois   .            (no helmet)
rElec   .            (no cloak)
rCorr   +            r - +0 pair of gloves
SInv    .            s - +0 pair of boots
Will    .....        (no amulet)
Stlth   +++          j - +4 ring of protection
HPRegen 1.23/turn    x - ring of flight
MPRegen 0.49/turn

%: no passive effects
@: flying, invisible
A: no striking features
a: Renounce Religion


You were on level 7 of the Dungeon.
You worshipped Jiyva.
Jiyva was pleased with you.
You visited 2 branches of the dungeon, and saw 8 of its levels.
You also visited: Sewer.

You collected 377 gold pieces.
You spent 290 gold pieces at shops.

Inventory:

Armour
 a - a +0 robe (worn)
 r - a +0 pair of gloves (worn)
 s - a +0 pair of boots (worn)
Magical Staves
 v - a staff of death (weapon)
Jewellery
 j - a +4 ring of protection (left hand)
 w - a ring of wizardry
 x - a ring of flight (right hand)
Wands
 i - a wand of charming (12) (quivered)
 p - a wand of polymorph (9)
Scrolls
 g - 4 scrolls of enchant weapon
Potions
 c - a potion of berserk rage
 d - 4 potions of resistance
 e - 2 potions of ambrosia {unknown}
 f - 2 potions of lignification {unknown}
 h - 2 potions of curing
 k - a potion of cancellation {unknown}
 m - a potion of attraction {unknown}
 n - 2 potions of might {unknown}
 o - a potion of flight
 q - 2 potions of mutation {unknown}
 u - a potion of haste {unknown}


   Skills:
 + Level 0.9 Fighting
 + Level 3.8 Dodging
 + Level 5.2 Stealth
 + Level 10.2 Spellcasting
 + Level 6.0 Conjurations
 + Level 3.0 Necromancy
 + Level 9.0 Fire Magic
 + Level 3.1 Air Magic
 + Level 3.0 Evocations


You had 17 spell levels left.
You knew the following spells:

 Your Spells              Type           Power      Damage    Failure   Level
a - Foxfire               Conj/Fire      100%       2x1d9     1%          1
b - Scorch                Fire           100%       2d9       1%          2
c - Flame Wave            Conj/Fire      50%        2d12      2%          4
d - Airstrike             Air            14%        2d(2-18)  13%         4

Your spell library contained the following spells:

 Spells                   Type           Power      Damage    Failure   Level
 Necrotise                Necr           100%       1d9       1%          1
 Static Discharge         Conj/Air       70%        2-5/arc   1%          2
 Inner Flame              Hex/Fire       35%        N/A       2%          3
 Volatile Blastmotes      Fire/Tloc      70%        2d15      2%          3
 Apportation              Tloc           24%        N/A       4%          1
 Summon Small Mammal      Summ           48%        N/A       4%          1
 Vhi's Electric Charge    Tloc/Air       40%        N/A       8%          3
 Call Canine Familiar     Summ           12%        N/A       14%         3
 Portal Projectile        Hex/Tloc       24%        N/A       14%         3
 Arcjolt                  Conj/Air       17%        1d27      21%         5
 Summon Lightning Spire   Summ/Air       20%        N/A       26%         4
 Leda's Liquefaction      Hex/Erth       6%         N/A       43%         4
 Maxwell's Capacitive Co  Air            14%        ∞         100%        8


Dungeon Overview and Level Annotations

Branches:
Dungeon (7/15)             Temple (1/1) D:4           Sewer (visited)

Altars:
Ashenzari
Cheibriados
Elyvilon
Fedhas
Gozag
Kikubaaqudgha
Makhleb
Nemelex Xobeh
Okawaru
Qazlal
Ru
Sif Muna
Uskayaw
Vehumet
Xom
Yredelemnul
Zin
The Shining One

Shops:
D:5 [   D:6 !

Portals:
Abyss: D:7

Annotations:
D:7 2 transporters, Duvessa; dchavez06's ghost, novice TrWr


Message History

Duvessa freezes you.
A wave of flame ripples out!
The flame wave engulfs Dowan!
Dowan is burned terribly!
You kill Dowan!
Duvessa screams, "No!
How DARE you!"
Duvessa goes berserk!
The flame wave engulfs Duvessa.
Duvessa is almost dead.
Duvessa barely misses you.
Duvessa hits you with a +4 rapier of freezing!
Duvessa freezes you.
Your Stealth skill increases to level 5!
A wave of flame ripples out!
The flame wave engulfs Duvessa.
Duvessa is almost dead.
You finish channelling waves of flame.
Duvessa barely misses you.
Unknown command.
Casting: Flame Wave (dangerous; 2% risk of failure)
Confirm with . or Enter, or press ? or * to list all spells.
Flames lash Duvessa.
Duvessa is almost dead.
Duvessa's fire resistance burns away.
Duvessa barely misses you.
Duvessa hits you with a +4 rapier of freezing!
* * * LOW HITPOINT WARNING * * *
Duvessa freezes you.
* * * LOW HITPOINT WARNING * * *
You feel much better.
Duvessa hits you with a +4 rapier of freezing.
Duvessa freezes you.
Casting: Scorch (safe; 1% risk of failure)
Confirm with . or Enter, or press ? or * to list all spells.
Flames lash Duvessa but do no damage.
Duvessa hits you with a +4 rapier of freezing.
Duvessa freezes you.
Duvessa hits you with a +4 rapier of freezing!
* * * LOW HITPOINT WARNING * * *
Duvessa freezes you.
* * * LOW HITPOINT WARNING * * *
Okay, then.
You fade into invisibility!
Duvessa hits you with a +4 rapier of freezing!
You die...

#.........####..##..##.#......#
#............####....###......#
..............##..............#
.................................
............................#####
...#########.######........>#
.........................^....
...#########.########.####.###.
##.# #....@)....# ... . #.#
###.##e#.#.# .## #.# #.# .# #.#
#.# .. #.. ... ##. #. #.. .. ##.#
## .#


You could see Duvessa (berserk, unable to see you, combustible).

Vanquished Creatures
  Pikel (D:7)
  Joseph (D:7)
  A troll (D:6)
  Sigmund (D:5)
  A wyvern (D:7)
  A water moccasin (D:7)
  An orc warrior (D:6)
  An ice beast (D:7)
  4 ogres
  A lemure (D:7)
  A kobold brigand (D:6)
  Blork the orc (D:6)
  2 bullfrogs
  5 scorpions
  4 wights (D:6)
  Dowan (D:7)
  An electric eel (D:6)
  2 orc priests (D:6)
  A hound (D:5)
  A jelly (Sewer)
  2 gnoll boudas (D:5)
  An iguana (D:6)
  Natasha (thrice) (D:3)
  4 orc wizards
  11 gnolls
  10 adders
  A river rat (Sewer)
  A white imp (D:5)
  2 ufetubi
  5 worms
  2 dart slugs
  29 orcs
  5 ball pythons
  4 bats
  14 endoplasms
  11 giant cockroaches
  6 goblins
  4 hobgoblins (D:1)
  8 kobolds
  5 quokkas
  4 frilled lizards
  4 rats
168 creatures vanquished.

Vanquished Creatures (collateral kills)
  An ufetubus (D:6)
1 creature vanquished.

Vanquished Creatures (others)
  A hound (D:6)
  5 jellies
  302 foxfires
308 creatures vanquished.

Grand Total: 477 creatures vanquished

Notes
Turn   | Place    | Note
-------+----------+-------------------------------------------
     0 | D:1      | hawla the Deep Elf Fire Elementalist began the quest for
                  | the Orb.
     0 | D:1      | Reached XP level 1. HP: 10/10 MP: 6/6
   215 | D:1      | Reached XP level 2. HP: 15/15 MP: 2/8
   218 | D:1      | Learned a level 2 spell: Scorch
  1044 | D:2      | Reached XP level 3. HP: 19/19 MP: 7/9
  1603 | D:2      | Reached skill level 4 in Spellcasting
  1812 | D:3      | Reached XP level 4. HP: 24/24 MP: 9/12
  1882 | D:2      | Learned a level 4 spell: Flame Wave
  2007 | D:3      | Noticed Natasha
  2016 | D:3      | Killed Natasha
  2163 | D:3      | Noticed Natasha
  2168 | D:3      | Killed Natasha
  2169 | D:3      | Reached XP level 5. HP: 28/28 MP: 10/13
  2181 | D:3      | Noticed Natasha
  2187 | D:3      | Killed Natasha
  2946 | D:4      | Reached XP level 6. HP: 33/33 MP: 6/14
  3674 | D:4      | Found a staircase to the Ecumenical Temple.
  3737 | D:4      | Found a shimmering blue altar of Sif Muna.
  3800 | Temple   | Entered the Ecumenical Temple
  3832 | Temple   | Became a worshipper of Vehumet
  3998 | D:5      | Entered Level 5 of the Dungeon
  4152 | D:5      | Reached skill level 5 in Spellcasting
  4216 | D:5      | Reached skill level 5 in Fire Magic
  4216 | D:5      | Reached XP level 7. HP: 19/37 MP: 11/16
  4441 | D:5      | Noticed Sigmund
  4447 | D:5      | Killed Sigmund
  4448 | D:5      | Reached skill level 6 in Spellcasting
  4543 | D:5      | Reached skill level 5 in Conjurations
  4886 | D:5      | Found Nefil's Armour Shoppe.
  4891 | D:5      | Bought a +0 pair of gloves for 67 gold pieces
  4891 | D:5      | Bought a +0 pair of boots for 67 gold pieces
  4993 | D:5      | Found a hide-covered altar of Uskayaw.
  5031 | D:6      | Found a glowing golden altar of the Shining One.
  5031 | D:6      | Found a glowing silver altar of Zin.
  5032 | D:6      | Found a white marble altar of Elyvilon.
  5062 | D:6      | Found Juddeylu's Distillery.
  5071 | D:6      | Bought a potion of flight for 36 gold pieces
  5071 | D:6      | Bought 2 potions of heal wounds for 120 gold pieces
  5137 | D:6      | Noticed a troll
  5142 | D:6      | Killed a troll
  5143 | D:6      | Reached skill level 7 in Spellcasting
  5143 | D:6      | Reached XP level 8. HP: 42/42 MP: 13/21
  5330 | D:6      | Reached skill level 8 in Spellcasting
  5335 | D:6      | Reached * piety under Vehumet
  5335 | D:6      | Offered knowledge of Sandblast by Vehumet.
  5523 | D:6      | Found a glowing drain.
  5528 | Sewer    | Entered a sewer
  5714 | Sewer    | Found a viscous altar of Jiyva.
  5732 | Sewer    | Fell from the grace of Vehumet
  5732 | Sewer    | Became a worshipper of Jiyva Jetza the Shapeless
  6114 | D:6      | Reached XP level 9. HP: 46/46 MP: 12/23
  6117 | D:6      | Reached skill level 9 in Spellcasting
  6284 | D:6      | Noticed Blork the orc
  6291 | D:6      | Killed Blork the orc
  6435 | D:6      | Reached * piety under Jiyva
  6961 | D:7      | Found a transporter.
  6965 | D:7      | Found a transporter.
  6968 | D:7      | Noticed an ancient zyme
  6975 | D:7      | Noticed dchavez06's ghost (novice TrWr)
  6982 | D:7      | Noticed Joseph
  6994 | D:7      | Killed Joseph
  6995 | D:7      | Reached skill level 10 in Spellcasting
  7032 | D:7      | Found a one-way gate to the infinite horrors of the Abyss.
  7042 | D:7      | Reached ** piety under Jiyva
  7055 | D:7      | Found a sparkling altar of Nemelex Xobeh.
  7123 | D:7      | Noticed Pikel
  7129 | D:7      | Learned a level 4 spell: Airstrike
  7135 | D:7      | Killed Pikel
  7301 | D:7      | Noticed Duvessa
  7304 | D:7      | Noticed Dowan
  7307 | D:7      | Killed Dowan
  7308 | D:7      | Reached skill level 5 in Stealth
  7312 | D:7      | Slain by Duvessa

Illustrated notes

Levels and vault maps discovered:
D:1:      erik_arrival_orb_chamber, layout_loops_ring
D:2:      layout_basic, nicolae_half_adder
D:3:      layout_rooms, uniq_natasha
D:4:      layout_basic, general_overflow_altar
D:5:      layout_gridville, mainiacjoe_overflow_alcove_1, serial_shops, shop,
          uniq_sigmund
D:6:      layout_loops_ring, good_gods_temple_1, gup_sewer_entry_bowl,
          serial_shops, nicolae_shop_tiny_statue_garden, kennysheep_dice,
          uniq_blork_the_orc
D:7:      layout_basic, nemelex_xobeh_ov_fountains_minmay,
          gammafunk_ghost_abyssal_escape, uniq_pikel, uniq_maggie, uniq_joseph,
          uniq_duvessa
Temple:   hellmonk_temple_two_chambers

Skill      XL: |  1  2  3  4  5  6  7  8  9 |
---------------+----------------------------+-----
Fire Magic     | 4 5 6 7 9 |  9.0
Spellcasting   | 4 5 7 8 10 | 10.2
Conjurations   | 3 4 5 6 |  6.0
Evocations     | 2 3 |  3.0
Stealth        | 3 4 5 |  5.2
Dodging        | 3 |  3.8
Necromancy     | 3 |  3.0
Air Magic      | 3 |  3.1
Fighting       | |  0.9

Action                     |  1- 3 |  4- 6 |  7- 9 || total
---------------------------+-------+-------+-------++-------
  Melee: Unarmed           |     2 |     1 |     8 ||    11
         Staff             |       |       |     4 ||     4
   Cast: Foxfire           |    42 |    52 |    77 ||   171
         Scorch            |    14 |    37 |    47 ||    98
         Flame Wave        |       |     5 |    12 ||    17
         Airstrike         |       |       |     2 ||     2
  Evoke: Wand              |       |     2 |       ||     2
    Use: Scroll            |     2 |     6 |     5 ||    13
         Potion            |     1 |     2 |     7 ||    10
 Armour: Robe              |     6 |    14 |    13 ||    33
  Dodge: Dodged            |    16 |    25 |    50 ||    91
